 Dungeon Crawl Stone Soup version 0.17-a0-1510-gb3fb22e (webtiles) character file.

200 sscrono2 the Sneak (level 5, -1/35 HPs)
             Began as an Octopode Assassin on July 11, 2015.
             Slain by an orc
             ... wielding a +0 trident
              (5 damage)
             ... on level 3 of the Dungeon.
             The game lasted 00:03:58 (2300 turns).

sscrono2 the Sneak (Octopode Assassin)              Turns: 2300, Time: 00:03:58

Health: -1/35      AC:  1    Str: 11    XL:     5   Next: 79%
Magic:  7/7        EV: 11    Int: 13    God:
Gold:   107        SH:  3    Dex: 14    Spells: 0 memorised, 7 levels left

rFire  . . .     SeeInvis .     a - +2 dagger
rCold  . . .     Clarity  .     q - +0 buckler
rNeg   . . .     SustAt   .     (helmet restricted)
rPois  .         Gourm    .     (no amulet)
rElec  .         Spirit   .     (no ring)
rCorr  .         Warding  .     (no ring)
rMut   .         Stasis   .     (no ring)
MR     .....                    (no ring)
Stlth  +++++.....               (no ring)
                                (no ring)
                                (no ring)
                                (no ring)

@: not resistant to hostile enchantments, quite stealthy
A: almost no armour, amphibious, 8 rings, constrict 8, camouflage 1, gelatinous
body 1
a: no special abilities


You were on level 3 of the Dungeon.
You were not hungry.

You visited 1 branch of the dungeon, and saw 3 of its levels.

You collected 107 gold pieces.

Inventory:

Hand weapons
 a - a +2 dagger (weapon)
 b - a +0 blowgun
Missiles
 c - 24 poisoned needles
 d - 2 curare-tipped needles
Armour
 q - a +0 buckler (worn)
Magical devices
 n - a wand of lightning (10)
 o - a wand of slowing (36)
Scrolls
 g - 2 scrolls of magic mapping {unknown}
 j - 2 scrolls of identify {unknown}
 k - a scroll of teleportation {unknown}
Potions
 f - a potion of cancellation
 i - 3 potions of flight
 p - a potion of agility {unknown}
Comestibles
 e - a bread ration
 l - a meat ration


   Skills:
 + Level 2.3 Fighting
 * Level 2.9 Short Blades
 * Level 2.4 Throwing
 + Level 1.5 Dodging
 + Level 7.3 Stealth
 * Level 0.6 Shields
 * Level 1.8 Spellcasting


You had 7 spell levels left.
You didn't know any spells.

Dungeon Overview and Level Annotations

Branches:
Dungeon (3/15)

Altars:
Sif Muna


Innate Abilities, Weirdness & Mutations

You cannot wear most types of armour.
You are amphibious.
You can wear up to eight rings at the same time.
You can use your tentacles to constrict eight enemies at once.
Your skin changes colour to match your surroundings (Stealth).
Your rubbery body absorbs attacks (AC +1).


Message History

The orc hits you from afar with a trident.
You miss something.
You hear some strange, mumbled words.
A puff of flame appears from out of thin air!
The puff of flame hits you!
* * * LOW HITPOINT WARNING * * *
You block the orc's attack.
You hit something but do no damage. You squeeze something. Something hits you.
* * * LOW HITPOINT WARNING * * *
You barely miss something. Your squeeze misses something.
The orc completely misses you. Something hits you but does no damage.
You hit something.
Reactivating autopickup.
You feel a bit more experienced. You block the orc's attack.
You block the orc's attack.
Things that are here:
a dagger; a robe You closely miss the orc.
Your grab misses the orc. The orc hits you with a trident.
You die...

#... #..( #### #####
#.... #.###
##########.#.. #####
########oo............#
####...###.....@oo#
#######)###
#..........########
####.# #...[..†..##
####.†..# #.........#
#....#### # ####....###
#.#### # ####.# ##.# #
#.# #..# # #.# #.## #.#
#.#


You could see 4 orcs.

Vanquished Creatures
  A crimson imp (D:3)
  An orc wizard (D:3)
  3 gnolls (D:2)
  5 adders
  2 oozes
  2 worms (D:2)
  3 giant geckos
  4 orcs (D:3)
  A ball python (D:2)
  3 bats
  2 giant cockroaches
  5 goblins
  4 hobgoblins
  3 jackals (D:2)
  3 kobolds
  4 giant newts
  8 rats
54 creatures vanquished.

Notes
Turn   | Place    | Note
--------------------------------------------------------------
     0 | D:1      | sscrono2 the Octopode Assassin began the quest for the Orb.
     0 | D:1      | Reached XP level 1. HP: 14/14 MP: 1/1
   106 | D:1      | Reached XP level 2. HP: 17/19 MP: 2/2
   933 | D:1      | Reached skill level 1 in Spellcasting
  1185 | D:2      | Reached skill level 6 in Stealth
  1185 | D:2      | Reached XP level 3. HP: 24/24 MP: 4/4
  1279 | D:2      | Reached XP level 4. HP: 25/29 MP: 5/5
  2064 | D:3      | Reached XP level 5. HP: 34/34 MP: 7/7
  2089 | D:3      | Found a deep blue altar of Sif Muna.
  2219 | D:3      | Reached skill level 7 in Stealth
  2300 | D:3      | Slain by an orc

Vault maps used:
D:1:      dpeg_arrival_lava_altar
D:3:      lemuel_coloured_pillars_altar

Action                   |  1- 3 |  4- 6 || total
-------------------------+-------+-------++-------
Melee: Dagger            |    37 |    72 ||   109
  Use: Potion            |       |     7 ||     7
 Stab: Sleeping          |     9 |    17 ||    26
  Eat: Beef jerky        |       |     2 ||     2
       Fruit             |       |     4 ||     4
